 Dungeon Crawl Stone Soup version 0.31.0-12-g77e489cdc1 (webtiles) character file.

Game seed: 2445089413093193144

15696 DocClef the Blocker (level 12, 0/97 HPs)
             Began as a Gnoll Fighter on Feb 21, 2024.
             Was an Elder of Okawaru.
             Succumbed to a spriggan rider's poison
             ... on level 12 of the Dungeon on Feb 26, 2024.
             The game lasted 00:26:15 (10296 turns).

DocClef the Blocker (Gnoll Fighter)                Turns: 10296, Time: 00:26:16

Health: 0/97       AC: 13    Str: 19    XL:     12   Next: 29%
Magic:  17/23      EV: 19    Int:  8    God:    Okawaru [****..]
Gold:   576        SH: 10    Dex: 19    Spells: 25/25 levels left

rFire   . . .        N - +0 trident (protect)
rCold   . . .        O - +2 buckler
rNeg    + . .        X - +0 acid dragon scales
rPois   .            x - +0 helmet
rElec   .            W - scarf {repulsion}
rCorr   +            g - +0 pair of gloves
SInv    .            (no boots)
Will    .....        z - amulet of regeneration
Stlth   +++++        D - ring of positive energy
HPRegen 1.16/turn    L - +6 ring of dexterity
MPRegen 0.18/turn

%: repel missiles
@: lethally poisoned (0 -> -22), heroic, finesse-ful
A: fangs 1, strong nose, distributed training
a: Renounce Religion, Heroism, Finesse


You were on level 12 of the Dungeon.
You worshipped Okawaru.
Okawaru was greatly pleased with you.
You visited 1 branch of the dungeon, and saw 13 of its levels.

You collected 681 gold pieces.
You spent 105 gold pieces at shops.

Inventory:

Hand Weapons
 v - a +0 flail of holy wrath
 G - a +3 trident of draining
 H - a +0 broad axe of flaming
 N - a +0 trident of protection (weapon)
Armour
 b - a +0 scale mail
 g - a +0 pair of gloves (worn)
 p - a +0 cloak
 x - a +0 helmet (worn)
 O - a +2 buckler (worn)
 S - +0 steam dragon scales
 W - a scarf of repulsion (worn)
 X - +0 acid dragon scales (worn)
Jewellery
 z - an amulet of regeneration (around neck)
 D - a ring of positive energy (left hand)
 I - an amulet of reflection
 L - a +6 ring of dexterity (right hand)
 T - a ring of resist corrosion
Wands
 s - a wand of polymorph (15)
 E - a wand of digging (7)
 K - a wand of flame (20)
 P - a wand of iceblast (2)
 R - a wand of paralysis (10)
Scrolls
 e - 4 scrolls of fog {unknown}
 f - 8 scrolls of teleportation {unknown}
 i - a scroll of amnesia {unknown}
 n - 2 scrolls of blinking
 o - 2 scrolls of immolation {unknown}
 q - a scroll of vulnerability {unknown}
 r - 2 scrolls of fear {unknown}
 u - 6 scrolls of identify {unknown}
 w - a scroll of poison {unknown}
 y - a scroll of silence {unknown}
 A - 4 scrolls of noise {unknown}
 J - a scroll of summoning {unknown}
 M - 2 scrolls of revelation {unknown}
 Q - 2 scrolls of enchant armour {unknown}
 V - a scroll of acquirement {unknown}
Potions
 a - 2 potions of degeneration {unknown}
 c - a potion of resistance {unknown}
 d - 3 potions of might
 h - 10 potions of curing
 j - a potion of attraction {unknown}
 k - 4 potions of haste {unknown}
 l - 2 potions of ambrosia {unknown}
 m - 2 potions of invisibility {unknown}
 t - 2 potions of heal wounds {unknown}
 B - 2 potions of cancellation {unknown}
 C - a potion of lignification
 F - 3 potions of magic {unknown}
 U - a potion of enlightenment {unknown}
 Y - a potion of experience {unknown}


   Skills:
 + Level 10.0(15.0) Fighting
 + Level 7.4(12.4) Short Blades
 + Level 7.4(12.4) Long Blades
 + Level 7.4(12.4) Axes
 + Level 8.8(13.8) Maces & Flails
 + Level 7.4(12.4) Polearms
 + Level 7.4(12.4) Staves
 + Level 7.4(12.4) Ranged Weapons
 + Level 7.4(12.4) Throwing
 + Level 10.0(15.0) Armour
 + Level 7.4(12.4) Dodging
 + Level 7.4(12.4) Stealth
 + Level 10.0(15.0) Shields
 + Level 7.4(12.4) Unarmed Combat
 + Level 7.4 Spellcasting
 + Level 6.1 Conjurations
 + Level 6.1 Hexes
 + Level 6.1 Summonings
 + Level 6.1 Necromancy
 + Level 6.1 Translocations
 + Level 6.1 Fire Magic
 + Level 6.1 Ice Magic
 + Level 6.1 Air Magic
 + Level 6.1 Earth Magic
 + Level 6.1 Alchemy
 + Level 8.1 Invocations
 + Level 7.4 Evocations
 + Level 6.7 Shapeshifting


You had 25 spell levels left.
You didn't know any spells.
Your spell library contained the following spells:

 Spells                   Type           Power      Damage    Failure   Level
 Kiss of Death            Conj/Necr      48%        2d9       2%          1
 Sting                    Conj/Alch      48%        1d6       2%          1
 Cigotuvi's Dreadful Rot  Necr/Alch/Air  24%        N/A       3%          2
 Ensorcelled Hibernation  Hex/Ice        24%        N/A       3%          2
 Scorch                   Fire           24%        2d6       3%          2
 Sublimation of Blood     Necr           12%        N/A       3%          2
 Confusing Touch          Hex            12%        N/A       7%          3
 Fugue of the Fallen      Necr           12%        N/A       7%          3
 Anguish                  Hex/Necr       6%         N/A       22%         4
 Dispel Undead            Necr           12%        3d9       22%         4
 Flame Wave               Conj/Fire      12%        2d6       22%         4
 Ignite Poison            Fire/Alch      12%        N/A       22%         4
 Freezing Cloud           Conj/Ice/Air   6%         6-21      52%         5
 Call Imp                 Summ           Unusable   N/A       N/A         2
 Summon Cactus Giant      Summ           Unusable   N/A       N/A         6
 Summon Hydra             Summ           Unusable   N/A       N/A         7

Dungeon Overview and Level Annotations

Branches:
Dungeon (13/15)            Temple (0/1) D:7            Lair (0/5) D:9
    Orc (0/2) D:9
 Vaults: D:13-14

Altars:
Ashenzari
Elyvilon
Gozag
Kikubaaqudgha
Okawaru
Ru
Trog
Wu Jian
Yredelemnul
Zin

Shops:
D:5 ?(=   D:13 ?

Annotations:
D:2 1 runed translucent door, Crazy Yiuf
D:12 Ekudeil's ghost, journeyman DEFE


Innate Abilities, Weirdness & Mutations

You have very sharp teeth.
Your uncanny sense of smell can sniff out nearby items.
Your experience applies equally to all skills.


Message History

The iceblast engulfs the polar bear!
The polar bear partially resists.
The polar bear is moderately wounded.
The iceblast engulfs the spriggan!
The spriggan is severely wounded.
You feel extremely sick.
The spriggan rider hits you from afar with the +7 trident of Ciukh {venom, rF+ Dex+2}!
* * * LOW HITPOINT WARNING * * *
You are more poisoned.
Aiming: Iceblast
Press: ? - help, Shift-Dir - straight line, f/p - spriggan rider
Aim: a spriggan rider, wielding the +7 trident of Ciukh {venom, rF+ Dex+2} (moderately wounded)
The mass of ice explodes!
The iceblast engulfs the spriggan rider!!
The spriggan rider is severely wounded.
The iceblast engulfs the polar bear.
The polar bear is moderately wounded.
The iceblast engulfs the spriggan!
You kill the spriggan!
Okawaru accepts your kill.
* * * LOW HITPOINT WARNING * * *
You feel extremely sick. You block the spriggan rider's attack.
Aiming: Iceblast
Press: ? - help, Shift-Dir - straight line, f/p - spriggan rider
Aim: a spriggan rider, wielding the +7 trident of Ciukh {venom, rF+ Dex+2} (severely wounded)
The mass of ice explodes!
The iceblast engulfs the spriggan rider!!
You kill the spriggan rider!
Okawaru accepts your kill.
You kill the hornet!
Okawaru accepts your kill.
The iceblast engulfs the polar bear.
The polar bear partially resists.
The polar bear is moderately wounded.
* * * LOW HITPOINT WARNING * * *
You feel extremely sick.
Your base Fighting skill increases to level 10!
Your base Armour skill increases to level 10!
Your base Shields skill increases to level 10!
You die...

......#....#####......# #..#
..##..#.####♣♣♣#......# #..#
..##..###♣ ♣♣.!#......# #..#
..##..# ♣♣.♣.?##......####..#
..##..# ♣....)#8............#
..##..## .♣..h#.............#
..##...#♣..!♣♣'.............#
..##...#♣.. ♣.#.............#
..##...# . ♣W#8@...........#
..##.### ♣...♣##............#
..##.####♣♣♣♣=.#............#
.....##.### ♣♣♣#............#
.....##...# ########........#
.....##...# #..# #........#
.....##...# #..# #.....^..#
.....##...# #..# #........#
.....##...# #..# #........#


You could see a polar bear and Ekudeil's ghost.

Vanquished Creatures
  A hydra (D:12)
  3 two-headed ogres
  2 centaur warriors (D:13)
  A deep elf pyromancer (D:12)
  Jeremiah (D:7)
  Maggie (D:6)
  5 trolls
  2 hornets
  2 spriggans (D:12)
  3 wyverns
  12 yaks
  Eustachio (D:6)
  7 vampire mosquitoes
  Edmund (D:4)
  Menkaure (D:7)
  2 acid dragons
  2 water moccasins
  7 orc warriors
  2 ice beasts
  A black bear (D:6)
  2 ogres (D:9)
  9 centaurs
  A phantom (D:7)
  2 kobold brigands
  5 bullfrogs
  3 gnoll sergeants
  6 scorpions
  21 wights
  6 killer bees (D:7)
  A bombardier beetle (D:5)
  6 howler monkeys
  A jelly (D:8)
  A hound (D:5)
  3 orc priests
  An iguana (D:4)
  A sleepcap (D:7)
  2 gnoll boudas
  7 orc wizards
  21 gnolls
  6 adders
  A white imp (D:6)
  3 dart slugs
  27 orcs
  2 endoplasms
  3 giant cockroaches
  6 goblins
  8 hobgoblins
  11 quokkas
  6 ball pythons
  4 bats
  6 frilled lizards
  15 kobolds
  4 rats
258 creatures vanquished.

Vanquished Creatures (others)
  An orc (D:6)
1 creature vanquished.

Grand Total: 259 creatures vanquished

Notes
Turn   | Place    | Note
-------+----------+-------------------------------------------
     0 | D:1      | DocClef the Gnoll Fighter began the quest for the Orb.
     0 | D:1      | Reached XP level 1. HP: 23/23 MP: 1/1
   163 | D:1      | Reached XP level 2. HP: 29/29 MP: 2/2
   171 | D:1      | Found a faded altar of an unknown god.
   174 | D:1      | Got Plato's Teachings on Concoctions
   412 | D:1      | Reached XP level 3. HP: 35/35 MP: 3/3
   657 | D:2      | Reached skill level 1 in Invocations
   748 | D:2      | Reached skill level 1 in Short Blades
   748 | D:2      | Reached skill level 1 in Long Blades
   748 | D:2      | Reached skill level 1 in Axes
   748 | D:2      | Reached skill level 1 in Polearms
   748 | D:2      | Reached skill level 1 in Staves
   748 | D:2      | Reached skill level 1 in Ranged Weapons
   748 | D:2      | Reached skill level 1 in Throwing
   748 | D:2      | Reached skill level 1 in Dodging
   748 | D:2      | Reached skill level 1 in Stealth
   748 | D:2      | Reached skill level 1 in Unarmed Combat
   748 | D:2      | Reached skill level 1 in Spellcasting
   748 | D:2      | Reached skill level 1 in Evocations
   913 | D:2      | Reached skill level 1 in Shapeshifting
   913 | D:2      | Reached XP level 4. HP: 41/41 MP: 5/5
  1102 | D:3      | Reached skill level 1 in Conjurations
  1102 | D:3      | Reached skill level 1 in Hexes
  1102 | D:3      | Reached skill level 1 in Summonings
  1102 | D:3      | Reached skill level 1 in Necromancy
  1102 | D:3      | Reached skill level 1 in Translocations
  1102 | D:3      | Reached skill level 1 in Fire Magic
  1102 | D:3      | Reached skill level 1 in Ice Magic
  1102 | D:3      | Reached skill level 1 in Air Magic
  1102 | D:3      | Reached skill level 1 in Earth Magic
  1102 | D:3      | Reached skill level 1 in Alchemy
  1136 | D:3      | Found a basalt altar of Yredelemnul.
  1144 | D:3      | Found a broken altar of Ashenzari.
  1147 | D:3      | Found an ornate altar of the Wu Jian Council.
  1147 | D:3      | Found an iron altar of Okawaru.
  1154 | D:3      | Found a white marble altar of Elyvilon.
  1227 | D:3      | Became a worshipper of Warmaster Okawaru
  1535 | D:4      | Noticed a scorpion
  1555 | D:4      | Killed a scorpion
  1556 | D:4      | Reached XP level 5. HP: 7/47 MP: 5/7
  2148 | D:4      | Noticed Edmund
  2164 | D:4      | Killed Edmund
  2165 | D:4      | Reached skill level 5 in Maces & Flails
  2165 | D:4      | Reached XP level 6. HP: 50/53 MP: 7/9
  2698 | D:2      | Found a runed translucent door.
  2699 | D:2      | Noticed Crazy Yiuf
  2926 | D:5      | Entered Level 5 of the Dungeon
  2944 | D:5      | Reached * piety under Okawaru
  3053 | D:5      | Reached XP level 7. HP: 60/60 MP: 10/10
  3129 | D:5      | Found an opulent altar of Gozag.
  3166 | D:5      | You fall into a shaft and drop 3 floors!
  3206 | D:8      | Reached ** piety under Okawaru
  3283 | D:9      | Noticed a wyvern
  3432 | D:9      | Reached XP level 8. HP: 52/67 MP: 12/12
  3605 | D:7      | Found a staircase to the Ecumenical Temple.
  3630 | D:7      | Found a bloodstained altar of Trog.
  3740 | D:7      | Noticed Menkaure
  3741 | D:7      | Killed Menkaure
  3843 | D:7      | Found a sacrificial altar of Ru.
  3936 | D:7      | Found an ancient bone altar of Kikubaaqudgha.
  4011 | D:7      | Reached XP level 9. HP: 61/73 MP: 11/14
  4080 | D:7      | Reached *** piety under Okawaru
  4348 | D:7      | Noticed Jeremiah
  4401 | D:7      | Killed Jeremiah
  4402 | D:7      | Reached skill level 5 in Invocations
  4841 | D:5      | Found Qollyupat's Magic Scroll Shoppe.
  4869 | D:5      | Found Myollewo's Antique Weapon Shop.
  5187 | D:5      | Found Naedocv Buat's Jewellery Emporium.
  5499 | D:6      | Noticed Maggie
  5533 | D:6      | Killed Maggie
  5534 | D:6      | Reached skill level 5 in Short Blades
  5534 | D:6      | Reached skill level 5 in Long Blades
  5534 | D:6      | Reached skill level 5 in Axes
  5534 | D:6      | Reached skill level 5 in Polearms
  5534 | D:6      | Reached skill level 5 in Staves
  5534 | D:6      | Reached skill level 5 in Ranged Weapons
  5534 | D:6      | Reached skill level 5 in Throwing
  5534 | D:6      | Reached skill level 5 in Dodging
  5534 | D:6      | Reached skill level 5 in Stealth
  5534 | D:6      | Reached skill level 5 in Unarmed Combat
  5534 | D:6      | Reached skill level 5 in Spellcasting
  5534 | D:6      | Reached skill level 5 in Evocations
  5534 | D:6      | Reached XP level 10. HP: 60/81 MP: 17/17
  5614 | D:6      | Noticed Eustachio
  5631 | D:6      | Killed Eustachio
  5636 | D:6      | Reached **** piety under Okawaru
  6488 | D:9      | Reached skill level 5 in Shapeshifting
  6545 | D:9      | Noticed a two-headed ogre
  6564 | D:9      | Killed a two-headed ogre
  6690 | D:9      | Found a staircase to the Lair.
  6992 | D:9      | Reached skill level 5 in Conjurations
  6992 | D:9      | Reached skill level 5 in Hexes
  6992 | D:9      | Reached skill level 5 in Summonings
  6992 | D:9      | Reached skill level 5 in Necromancy
  6992 | D:9      | Reached skill level 5 in Translocations
  6992 | D:9      | Reached skill level 5 in Fire Magic
  6992 | D:9      | Reached skill level 5 in Ice Magic
  6992 | D:9      | Reached skill level 5 in Air Magic
  6992 | D:9      | Reached skill level 5 in Earth Magic
  6992 | D:9      | Reached skill level 5 in Alchemy
  7002 | D:9      | Reached XP level 11. HP: 81/89 MP: 20/20
  7072 | D:9      | Found a staircase to the Orcish Mines.
  7468 | D:10     | Entered Level 10 of the Dungeon
  7580 | D:10     | Paralysed by a hornet for 1 turns
  7584 | D:10     | Paralysed by a hornet for 1 turns
  7768 | D:10     | Noticed a two-headed ogre
  7786 | D:10     | Killed a two-headed ogre
  7830 | D:10     | Found a glowing silver altar of Zin.
  8199 | D:11     | Noticed a two-headed ogre
  8390 | D:11     | Killed a two-headed ogre
  8390 | D:11     | Reached ***** piety under Okawaru
  9142 | D:12     | Noticed a seven-headed hydra
  9221 | D:12     | Noticed a deep elf pyromancer
  9255 | D:12     | Killed a deep elf pyromancer
  9544 | D:12     | Killed a seven-headed hydra
  9576 | D:12     | Found a runed translucent door.
  9607 | D:12     | Received a gift from Okawaru
  9617 | D:12     | Reached XP level 12. HP: 41/97 MP: 22/22
  9828 | D:12     | Identified the +7 trident of Ciukh {venom, rF+ Dex+2}
  9996 | D:12     | Noticed Ekudeil's ghost (journeyman DEFE)
 10041 | D:13     | Noticed a centaur warrior
 10071 | D:13     | Killed a centaur warrior
 10117 | D:13     | Found Alipej's Magic Scroll Boutique.
 10126 | D:13     | Bought a scroll of blinking for 105 gold pieces
 10153 | D:13     | Noticed a centaur warrior
 10187 | D:13     | Killed a centaur warrior
 10296 | D:12     | Reached skill level 10 in Fighting
 10296 | D:12     | Reached skill level 10 in Armour
 10296 | D:12     | Reached skill level 10 in Shields
 10296 | D:12     | Succumbed to a spriggan rider's poison

Illustrated notes

Levels and vault maps discovered:
D:1:      mainiacjoe_arrival_reflecting_pool, layout_loops_cross,
          shapermc_ecumenical_altar_rom_forum
D:2:      minmay_angry_zag, layout_rooms, uniq_crazy_yiuf_cottage
D:3:      layout_basic, nicolae_overflow_hallway_of_the_gods
D:4:      layout_basic, uniq_edmund
D:5:      layout_basic, general_overflow_altar, serial_shops,
          nicolae_shop_behind_doors, nicolae_lakefront_shop,
          nicolae_shop_overgrown_old_shop, serial_park_tiny_2
D:6:      layout_rooms, uniq_eustachio, uniq_maggie
D:7:      layout_loops_ring, bloody_trog, mainiacjoe_overflow_chevrons,
          nicolae_ru_great_annihilating_truth, temple_doors_e, uniq_menkaure,
          uniq_jeremiah
D:8:      layout_basic
D:9:      layout_basic, lair_entry_dummy, kennysheep_orc_monster_closet_entryway
D:10:     layout_roguey, zin_scriptorium
D:11:     layout_cave_pods
D:12:     layout_long_grid, ebering_ghost_funeral_grove
D:13:     layout_irregular_city, hangedman_vaults_entry_quadrant_bands,
          serial_shops, shop, kennysheep_generic_room_5

Skill      XL: |  1  2  3  4  5  6  7  8  9 10 11 12 |
---------------+-------------------------------------+-----
Invocations    | 1 2 3 4 5 6 7 8 |  8.1
Short Blades   | 1 2 3 5 6 7 |  7.4
Long Blades    | 1 2 3 5 6 7 |  7.4
Axes           | 1 2 3 5 6 7 |  7.4
Polearms       | 1 2 3 5 6 7 |  7.4
Staves         | 1 2 3 5 6 7 |  7.4
Ranged Weapons | 1 2 3 5 6 7 |  7.4
Throwing       | 1 2 3 5 6 7 |  7.4
Dodging        | 1 2 3 5 6 7 |  7.4
Stealth        | 1 2 3 5 6 7 |  7.4
Unarmed Combat | 1 2 3 5 6 7 |  7.4
Spellcasting   | 1 2 3 5 6 7 |  7.4
Evocations     | 1 2 3 5 6 7 |  7.4
Shapeshifting  | 1 2 3 4 5 6 |  6.7
Conjurations   | 1 2 3 4 5 6 |  6.1
Hexes          | 1 2 3 4 5 6 |  6.1
Summonings     | 1 2 3 4 5 6 |  6.1
Necromancy     | 1 2 3 4 5 6 |  6.1
Translocations | 1 2 3 4 5 6 |  6.1
Fire Magic     | 1 2 3 4 5 6 |  6.1
Ice Magic      | 1 2 3 4 5 6 |  6.1
Air Magic      | 1 2 3 4 5 6 |  6.1
Earth Magic    | 1 2 3 4 5 6 |  6.1
Alchemy        | 1 2 3 4 5 6 |  6.1
Maces & Flails | 5 6 7 8 |  8.8
Fighting       | 7 8 9 10 | 10.0
Armour         | 7 8 9 10 | 10.0
Shields        | 7 8 9 10 | 10.0

Action                     |  1- 3 |  4- 6 |  7- 9 | 10-12 || total
---------------------------+-------+-------+-------+-------++-------
  Melee: Flail             |   132 |   165 |   371 |       ||   668
         Bite              |     6 |    22 |    39 |   121 ||   188
         Trident           |       |       |    51 |   872 ||   923
  Throw: Throwing net      |       |       |       |     1 ||     1
 Invoke: Heroism           |       |       |     6 |     9 ||    15
         Finesse           |       |       |       |     4 ||     4
  Evoke: Wand              |       |       |       |     3 ||     3
    Use: Potion            |       |     2 |     1 |     1 ||     4
   Stab: Invisible         |       |       |     1 |       ||     1
         Paralysed         |       |       |     1 |       ||     1
         Held in net/web   |       |       |       |     2 ||     2
         Sleeping          |       |       |       |     7 ||     7
         Distracted        |       |       |       |     1 ||     1
 Armour: Scale mail        |    87 |   127 |   251 |       ||   465
         Steam dragon scal |       |       |       |    89 ||    89
         Acid dragon scale |       |       |       |   471 ||   471
  Dodge: Dodged            |    61 |    65 |   185 |   530 ||   841
         Repelled          |       |       |       |     5 ||     5
  Block: Buckler           |    39 |    46 |   123 |   418 ||   626
